 Dungeon Crawl Stone Soup version 0.26.0-20-g3ca415f5b8 (webtiles) character file.

Game seed: 13119002488328514539

415 thiole the Ducker (level 6, -1/43 HPs)
             Began as an Octopode Fighter on Jan 25, 2021.
             Slain by a wyvern zombie (14 damage)
             ... on level 4 of the Dungeon.
             The game lasted 00:03:26 (4148 turns).

thiole the Ducker (Octopode Fighter)                Turns: 4148, Time: 00:03:27

Health: -1/43      AC:  1    Str: 15    XL:     6   Next: 91%
Magic:  6/6        EV: 14    Int: 10    God:
Gold:   121        SH:  9    Dex: 14    Spells: 5/5 levels left

rFire    . . .     SeeInvis .   a - +0 war axe
rCold    . . .     Faith    .   b - +0 kite shield
rNeg     . . .     Spirit   .   (helmet restricted)
rPois    .         Reflect  .   (no amulet)
rElec    .         Harm     .   (no ring)
rCorr    .         Rampage  .   (no ring)
Will     .....                  (no ring)
Stlth    ++........             (no ring)
HPRegen  0.14/turn              (no ring)
MPRegen  0.10/turn              (no ring)
                                (no ring)
                                (no ring)

@: mighty
A: almost no armour, stealthy swim, amphibious, 8 rings, constrict 8, camouflage
1, gelatinous body 1
a: no special abilities


You were on level 4 of the Dungeon.
You visited 1 branch of the dungeon, and saw 4 of its levels.

You collected 121 gold pieces.

Inventory:

Hand Weapons
 a - a +0 war axe (weapon)
Missiles
 p - 4 poisoned darts (quivered)
Armour
 b - a +0 kite shield (worn)
Jewellery
 n - an uncursed amulet of guardian spirit {unknown}
Wands
 j - a wand of digging (6)
Scrolls
 d - 3 scrolls of identify {unknown}
 f - a scroll of teleportation {unknown}
 g - 2 scrolls of remove curse {unknown}
 h - 3 scrolls of enchant weapon {unknown}
 i - 2 scrolls of magic mapping {unknown}
 o - a scroll of enchant armour {unknown}
 q - 2 scrolls of fear {unknown}
Potions
 c - a potion of might
 e - 3 potions of lignification {unknown}
 k - a potion of curing {unknown}
 l - a potion of brilliance {unknown}
 m - 2 potions of heal wounds {unknown}
 r - a potion of magic {unknown}


   Skills:
 + Level 4.3 Fighting
 + Level 3.6 Axes
 * Level 5.1 Dodging
 + Level 4.3 Shields


You had 5 spell levels left.
You didn't know any spells.
Your spell library was empty.

Dungeon Overview and Level Annotations

Branches:
Dungeon (4/15)
 Temple: D:4-7

Altars:
Ashenzari
Dithmenos
Elyvilon
Fedhas
Hepliaklqana
Kikubaaqudgha
Ru
Trog
Wu Jian
Yredelemnul


Innate Abilities, Weirdness & Mutations

You cannot wear most types of armour.
You are very stealthy in the water. (Stealth+)
You are amphibious.
You can wear up to eight rings at the same time.
You can use your tentacles to constrict eight enemies at once.
Your skin changes colour to match your surroundings (Stealth+).
Your rubbery body absorbs attacks. (AC +1, EV +1)


Message History

You throw a poisoned dart.
The poisoned dart hits the wyvern zombie.
A wyvern zombie is nearby!
You throw a poisoned dart.
The poisoned dart barely misses the wyvern zombie.
A wyvern zombie is nearby!
You throw a poisoned dart.
The poisoned dart hits the wyvern zombie.
A wyvern zombie is nearby!
You hit the wyvern zombie but do no damage.
The wyvern zombie bites you! x2
* * * LOW HITPOINT WARNING * * *
A wyvern zombie is nearby!
You are too injured to fight recklessly!
A wyvern zombie is nearby!
Unknown command.
You feel very mighty all of a sudden.
The wyvern zombie completely misses you.
The wyvern zombie bites you!
You die...

#.####### #.......#
#.#####.# .# #.# #.##.#
#.# #.##.# #.# #.##.#
#.# #.##.#####
#########.#####.##......
(.(.$.Z@............##..
###############.........
####.#.... #......
###.... ###.. #.. ###


You could see a wyvern zombie.

Vanquished Creatures
  A wyvern skeleton (D:3)
  A scorpion (D:4)
  2 hounds (D:4)
  A jelly (D:3)
  Terence (D:3)
  Jessica (D:2)
  10 adders
  2 worms (D:3)
  A dart slug (D:2)
  4 leopard geckos
  4 giant cockroaches
  7 goblins
  3 hobgoblins
  10 jackals
  A quokka (D:2)
  2 ball pythons
  8 bats
  5 frilled lizards
  5 kobolds
  A leopard gecko skeleton (D:4)
  11 rats
81 creatures vanquished.

Notes
Turn   | Place    | Note
-------+----------+-------------------------------------------
     0 | D:1      | thiole the Octopode Fighter began the quest for the Orb.
     0 | D:1      | Reached XP level 1. HP: 16/16 MP: 1/1
   322 | D:1      | Reached XP level 2. HP: 1/21 MP: 2/2
   769 | D:1      | Reached XP level 3. HP: 16/26 MP: 3/3
  1201 | D:2      | Noticed Jessica
  1202 | D:2      | Killed Jessica
  1203 | D:2      | Reached XP level 4. HP: 31/31 MP: 4/4
  1888 | D:2      | Reached skill level 4 in Dodging
  1924 | D:2      | Reached XP level 5. HP: 32/37 MP: 5/5
  2389 | D:2      | Found a sacrificial altar of Ru.
  2389 | D:2      | Found a basalt altar of Yredelemnul.
  2642 | D:3      | Found a shadowy altar of Dithmenos.
  2900 | D:3      | Found a hazy altar of Hepliaklqana.
  3228 | D:3      | Found a broken altar of Ashenzari.
  3301 | D:3      | Found a white marble altar of Elyvilon.
  3303 | D:3      | Found an ornate altar of the Wu Jian Council.
  3303 | D:3      | Found a bloodstained altar of Trog.
  3303 | D:3      | Found a blossoming altar of Fedhas.
  3303 | D:3      | Found an ancient bone altar of Kikubaaqudgha.
  3366 | D:3      | Reached XP level 6. HP: 36/43 MP: 6/6
  3440 | D:3      | Noticed Terence
  3449 | D:3      | Killed Terence
  3937 | D:4      | Reached skill level 5 in Dodging
  4148 | D:4      | Slain by a wyvern zombie

Illustrated notes

Levels and vault maps discovered:
D:1:      dpeg_arrival_ratfight, layout_loops_ring, st_stairs_9
D:2:      layout_loops_ring, gammafunk_temple_overflow_pools, uniq_jessica
D:3:      layout_loops_ring, grunt_temple_overflow_open,
          nicolae_overflow_crystal_walls, lemuel_coloured_pillars_altar,
          nzn_hepliaklqana_mist_gate, roderic_lattice_a, uniq_terence
D:4:      layout_loops_ring, lemuel_round_altar, grunt_decor_cap,
          minmay_shop_grid_forest, nicolae_ru_path_of_blood, uniq_blork_the_orc,
          uniq_ijyb, uniq_grinder

Skill      XL: |  1  2  3  4  5  6 |
---------------+-------------------+-----
Dodging        | 4 5 |  5.1
Axes           | 3 |  3.6
Fighting       | 4 |  4.3
Shields        | 4 |  4.3

Action                   |  1- 3 |  4- 6 || total
-------------------------+-------+-------++-------
Melee: War axe           |    49 |   117 ||   166
       Constrict         |    13 |    30 ||    43
       Tentacles         |     6 |    16 ||    22
Throw: Dart              |       |    23 ||    23
  Use: Potion            |       |     1 ||     1
 Stab: Sleeping          |     7 |     9 ||    16
Armor: Skin              |     4 |     4 ||     8
Dodge: Dodged            |    20 |    61 ||    81
Block: Kite shield       |    22 |    46 ||    68
